Map: [ESL] Data-C

Players

Scarlett - Winner!

  • Race: Zerg Zerg
  • Spawn Location: 3:00

Harstem

  • Race: Protoss Protoss
  • Spawn Location: 9:00

Event: DreamHack SC2 Masters 2022 Valencia

VOD

Have the link to the VOD?

Description

Time

  • Played on: July 2, 2022, 5:47 a.m.
  • Length: 15:46

All games in this series

Show
View Real Time Build Order
Export as new Build Order

Scarlett Zerg - Winner!

Build Orders: Hatch First 

Get SALT Encoding   

  12  0:00  Drone  
  13  0:12  Overlord  
  13  0:17  Drone  
  14  0:30  Drone x2  
  16  0:47  Hatchery  
  15  0:51  Drone  
  15  0:54  Drone  
  17  0:58  Drone  
  18  1:09  Extractor  
  17  1:13  Spawning Pool  
  17  1:16  Drone  
  17  1:20  Drone  
  18  1:27  Drone  
  19  1:38  Drone  
  20  1:49  Drone  
  21  2:00  Queen x2  
  21  2:01  Overlord, Zergling x2  
  26  2:11  Drone x2  
  26  2:12  Metabolic Boost  
  28  2:25  Drone  
  28  2:26  Drone  
  30  2:33  Hatchery  
  29  2:38  Drone x2  
  31  2:44  Queen  
  31  2:50  Overlord  
  33  2:53  Zergling x2  
  33  2:54  Drone  
  33  2:56  Drone  
  36  3:07  Overlord  
  36  3:08  Queen  
  36  3:10  Drone x2  
  36  3:12  Drone  
  41  3:15  Drone  
  43  3:20  Drone x2  
  43  3:25  Queen  
  46  3:31  Overlord  
  46  3:33  Drone  
  47  3:36  Drone  
  49  3:41  Drone x3  
  49  3:45  Queen  
  53  3:48  Queen  
  53  3:51  Spore Crawler  
  53  3:53  Drone x2  
  56  3:56  Overlord  
  56  3:59  Evolution Chamber  
  56  4:00  Drone  
  56  4:03  Drone  
  56  4:05  Drone  
  56  4:09  Drone x3  
  61  4:13  Drone x3  
  64  4:27  Drone x7  
  64  4:28  Zerg Melee Weapons Level 1  
  68  4:36  Drone x5  
  73  4:45  Overlord x4  
  73  4:50  Zergling x2  
  74  4:54  Extractor  
  74  4:57  Zergling x2  
  73  5:00  Hatchery  
  69  5:08  Drone x2  
  69  5:09  Drone  
  69  5:11  Zergling x12  
  78  5:17  Lair  
  78  5:22  Zergling x8  
  78  5:23  Hatchery  
  78  5:26  Zergling x8  
  85  5:30  Overlord  
  85  5:32  Overlord  
  85  5:37  Zergling x8  
  85  5:38  Spore Crawler  
  85  5:40  Zergling x2  
  89  5:45  Zergling x2  
  89  5:46  Zergling x6  
  89  5:48  Spore Crawler  
  92  5:51  Zergling x8  
  96  5:59  Drone  
  96  6:00  Roach Warren, Zergling x2  
  96  6:03  Zergling x8  
  101  6:05  Queen  
  101  6:10  Zergling x4  
  105  6:12  Drone  
  105  6:14  Zergling x8  
  110  6:19  Zergling x4  
  110  6:23  Zerg Melee Weapons Level 2  
  112  6:29  Zergling x8  
  114  6:33  Zergling x10  
  117  6:41  Zergling x12  
  117  6:44  Overseer  
  117  6:47  Drone x6  
  117  6:50  Drone x2  
  117  6:51  Glial Reconstitution  
  117  6:54  Extractor  
  124  6:55  Baneling Nest, Drone x2  
  124  6:58  Drone  
  124  7:01  Drone x3  
  129  7:06  Roach x2  
  133  7:09  Overlord x3  
  133  7:29  Overlord  
  133  7:31  Drone  
  133  7:33  Extractor, Drone  
  133  7:34  Extractor, Drone x3  
  133  7:35  Drone x3  
  133  7:37  Drone x9  
  142  7:39  Spore Crawler  
  142  7:41  Roach x5  
  142  7:42  Infestation Pit  
  142  7:43  Centrifugal Hooks  
  155  7:50  Roach x4  
  163  8:00  Overlord x5  
  163  8:16  Drone x2  
  163  8:18  Overlord x2  
  163  8:19  Hive  
  165  8:20  Drone x2  
  165  8:21  Drone x4  
  165  8:22  Evolution Chamber  
  165  8:26  Drone  
  171  8:27  Extractor, Drone x3  
  171  8:28  Roach x4, Zergling x2  
  171  8:29  Zergling x6  
  171  8:31  Pneumatized Carapace  
  183  8:42  Zergling x26  
  185  9:01  Zergling x2  
  185  9:02  Zergling x28  
  192  9:09  Zerg Missile Weapons Level 1  
  183  9:15  Zergling x14  
  185  9:19  Baneling x4  
  185  9:20  Zergling x2  
  185  9:21  Zergling x4  
  185  9:23  Zerg Ground Armor Level 1  
  188  9:24  Baneling x12  
  188  9:30  Zergling x4  
  188  9:31  Zergling x14, Baneling  
  197  9:32  Baneling x16  
  195  9:43  Zergling x16  
  196  9:52  Zergling x18  
  165  10:02  Zergling x16  
  150  10:07  Zergling x10  
  150  10:10  Roach x6  
  159  10:15  Adrenal Glands  
  159  10:19  Ultralisk Cavern  
  155  10:23  Drone x8  
  160  10:33  Drone  
  160  10:34  Drone x2  
  163  10:36  Roach x2  
  167  10:43  Baneling x6, Zergling x6  
  167  10:44  Zergling x6  
  167  10:48  Extractor  
  172  10:50  Drone x3  
  172  10:53  Zergling x10  
  180  11:02  Zergling x14  
  187  11:04  Baneling x14  
  187  11:07  Chitinous Plating, Zergling x12  
  191  11:12  Drone  
  191  11:15  Spore Crawler  
  188  11:24  Drone x3  
  188  11:25  Drone x2  
  186  11:29  Spine Crawler, Zergling x12  
  186  11:31  Zergling x2  
  186  11:32  Zergling x10  
  164  11:43  Drone x4  
  164  11:44  Ultralisk  
  164  11:45  Ultralisk x2  
  182  11:50  Zergling x20  
  192  12:00  Zerg Melee Weapons Level 3  
  192  12:03  Extractor, Drone x3  
  192  12:06  Zergling x10  
  199  12:08  Baneling x3  
  199  12:09  Baneling x6  
  199  12:12  Baneling x2  
  199  12:13  Zergling x2  
  200  12:21  Spore Crawler  
  197  12:25  Anabolic Synthesis  
  194  12:30  Spire  
  194  12:32  Spore Crawler  
  194  12:35  Baneling x8  
  194  12:36  Baneling x2  
  190  12:49  Zergling x4  
  190  12:50  Zergling x26  
  194  12:55  Zergling x12  
  194  12:56  Zergling x4  
  183  13:05  Zergling x4  
  183  13:06  Zergling x10  
  167  13:13  Ultralisk x3  
  167  13:16  Zergling x8  
  167  13:24  Zergling x10  
  146  13:29  Roach x2  
  144  13:36  Roach x3, Queen x5  
  144  13:39  Ravager  
  144  13:40  Ravager x3, Zergling x10  
  166  13:45  Zergling x6  
  169  13:50  Roach  
  169  13:55  Roach x4  
  179  13:57  Extractor  
  178  14:03  Hatchery  
  178  14:06  Corruptor x2  
  181  14:12  Drone x7  
  181  14:16  Baneling x11  
  187  14:21  Extractor  
  186  14:30  Zergling x18  
  194  14:34  Baneling x4  
  191  14:42  Overlord  
  191  14:44  Zergling x12  
  196  15:03  Ultralisk x2  
  196  15:05  Ultralisk x2  
  196  15:13  Zergling x32  
  191  15:20  Baneling x11  
Show
View Real Time Build Order
Export as new Build Order

Harstem Protoss 

Build Orders: 1 Gate Expand, Oracle Opening 

Get SALT Encoding   

  12  0:00  Probe  
  13  0:12  Probe  
  14  0:17  Pylon  
  14  0:24  Probe (Chrono Boost)  
  15  0:36  Probe (Chrono Boost)  
  15  0:39  Gateway  
  16  0:44  Probe (Chrono Boost)  
  16  0:48  Assimilator  
  17  0:51  Probe  
  18  1:03  Probe  
  19  1:15  Probe  
  20  1:25  Nexus  
  20  1:36  Cybernetics Core  
  20  1:39  Probe  
  21  1:46  Assimilator  
  21  1:51  Probe  
  22  1:54  Pylon  
  22  2:03  Probe  
  23  2:10  Adept (Chrono Boost)  
  23  2:15  Probe  
  26  2:20  Stargate  
  26  2:27  Probe  
  27  2:32  Stalker  
  29  2:37  Probe (Chrono Boost)  
  29  2:42  Probe (Chrono Boost)  
  29  2:44  Warp Gate  
  31  2:49  Probe (Chrono Boost)  
  32  2:55  Probe (Chrono Boost)  
  32  2:56  Probe (Chrono Boost)  
  34  3:03  Probe, Oracle (Chrono Boost)  
  34  3:04  Probe  
  36  3:09  Pylon  
  39  3:15  Probe, Gateway  
  39  3:17  Probe  
  41  3:27  Probe  
  41  3:29  Probe  
  41  3:30  Oracle (Chrono Boost)  
  46  3:40  Probe  
  47  3:41  Probe  
  48  3:50  Nexus  
  48  3:52  Probe  
  48  3:54  Pylon  
  49  3:56  Probe  
  49  3:59  Oracle (Chrono Boost)  
  53  4:04  Probe  
  53  4:09  Assimilator  
  54  4:11  Gateway  
  54  4:12  Probe  
  54  4:16  Probe  
  56  4:17  Pylon  
  57  4:24  Probe  
  57  4:28  Probe  
  58  4:33  Stalker x2  
  58  4:36  Probe  
  58  4:37  Pylon  
  63  4:40  Probe  
  63  4:44  Assimilator  
  64  4:46  Pylon, Twilight Council  
  64  4:48  Probe  
  64  4:51  Shield Battery  
  65  4:53  Probe  
  66  5:00  Stalker x2  
  66  5:01  Probe  
  66  5:02  Probe  
  72  5:08  Probe (Chrono Boost)  
  72  5:13  Stalker, Probe (Chrono Boost)  
  77  5:14  Probe (Chrono Boost)  
  77  5:20  Probe (Chrono Boost), Forge  
  78  5:24  Probe (Chrono Boost)  
  78  5:25  Stalker, Probe (Chrono Boost)  
  78  5:27  Stalker, Probe (Chrono Boost)  
  85  5:30  Probe (Chrono Boost)  
  85  5:31  Probe  
  85  5:32  Blink (Chrono Boost)  
  85  5:34  Probe  
  88  5:38  Assimilator  
  88  5:41  Stalker, Probe  
  91  5:48  Protoss Ground Weapons Level 1 (Chrono Boost), Probe x2  
  91  5:49  Stalker  
  95  5:51  Assimilator  
  95  5:53  Gateway  
  95  5:57  Probe  
  95  5:59  Stalker  
  95  6:00  Probe  
  95  6:02  Probe  
  100  6:06  Gateway  
  100  6:10  Robotics Facility  
  100  6:18  Pylon  
  100  6:21  Pylon  
  100  6:25  Probe  
  101  6:27  Gateway  
  101  6:29  Gateway  
  101  6:36  Probe  
  101  6:39  Stalker x3  
  107  6:48  Probe  
  107  6:49  Probe  
  107  6:52  Pylon  
  107  6:53  Pylon  
  109  6:54  Pylon  
  109  6:56  Pylon  
  109  7:00  Photon Cannon  
  109  7:06  Templar Archives, Gateway  
  109  7:08  Gateway  
  109  7:10  Observer, Gateway x2  
  109  7:13  Gateway  
  109  7:14  Gateway  
  110  7:15  Pylon  
  110  7:28  Probe  
  110  7:30  Charge (Chrono Boost)  
  110  7:32  Zealot x6  
  110  7:34  Warp Prism (Chrono Boost)  
  122  7:44  Nexus  
  124  7:47  Probe  
  125  7:51  Gateway  
  125  7:52  Protoss Ground Weapons Level 2 (Chrono Boost)  
  125  7:55  Pylon  
  125  7:58  High Templar  
  125  7:59  High Templar x3  
  125  8:00  High Templar x2  
  125  8:03  Pylon, Archon x2  
  125  8:04  Phoenix (Chrono Boost), Archon  
  139  8:06  Probe  
  139  8:11  Probe  
  141  8:13  Stalker  
  141  8:14  Photon Cannon  
  141  8:17  Gateway  
  141  8:19  High Templar x2  
  147  8:23  Shield Battery  
  147  8:25  Zealot x2  
  147  8:26  Archon  
  151  8:29  Zealot  
  151  8:31  Assimilator  
  153  8:35  Assimilator  
  153  8:46  Zealot x2  
  153  8:47  Zealot x4  
  161  8:55  Probe  
  149  9:02  Probe  
  149  9:03  Probe  
  149  9:04  Probe  
  149  9:06  Pylon, High Templar x4  
  149  9:07  Probe, Zealot x2  
  149  9:09  Pylon  
  156  9:11  Pylon  
  156  9:12  Pylon  
  156  9:14  Probe  
  156  9:15  Archon  
  156  9:16  Probe x2  
  158  9:19  Photon Cannon, Archon  
  158  9:21  Probe  
  158  9:22  Pylon  
  158  9:24  Zealot x2  
  158  9:26  Probe, High Templar  
  158  9:27  High Templar  
  158  9:29  Probe  
  168  9:33  Archon  
  168  9:35  Zealot  
  168  9:36  Zealot x4  
  168  9:37  Zealot  
  176  9:41  Immortal (Chrono Boost)  
  180  9:52  High Templar x4  
  175  9:53  Zealot x2  
  167  10:03  Zealot x4  
  167  10:05  Probe (Chrono Boost)  
  118  10:08  Probe (Chrono Boost)  
  118  10:13  Probe (Chrono Boost)  
  103  10:15  Probe (Chrono Boost)  
  103  10:19  Protoss Ground Weapons Level 3 (Chrono Boost)  
  103  10:20  Probe (Chrono Boost)  
  100  10:21  High Templar  
  100  10:22  Probe (Chrono Boost), High Templar x3  
  100  10:25  Probe (Chrono Boost)  
  100  10:26  Archon, Probe x2 (Chrono Boost)  
  100  10:27  Archon  
  103  10:33  Immortal (Chrono Boost)  
  105  10:36  Observer  
  105  10:40  Zealot x3  
  113  10:48  High Templar x2  
  113  10:49  Zealot x3  
  123  10:54  Zealot x2  
  123  10:56  Archon  
  123  11:02  Photon Cannon  
  123  11:16  Probe  
  124  11:22  Immortal (Chrono Boost)  
  124  11:23  High Templar x4, Zealot  
  124  11:24  Zealot x5  
  146  11:30  Probe (Chrono Boost)  
  146  11:31  Archon x2  
  146  11:32  Stalker x2  
  137  11:39  Probe (Chrono Boost)  
  103  11:40  Probe (Chrono Boost)  
  103  11:43  Probe (Chrono Boost)  
  103  11:45  Probe (Chrono Boost)  
  101  11:49  Probe (Chrono Boost)  
  101  11:51  Probe (Chrono Boost)  
  101  11:53  High Templar x2  
  101  11:54  Probe (Chrono Boost), Zealot x2  
  113  11:57  Probe x2 (Chrono Boost)  
  113  11:58  Archon  
  113  11:59  Probe (Chrono Boost)  
  116  12:01  High Templar  
  116  12:02  High Templar, Zealot x2  
  116  12:03  Probe x2 (Chrono Boost)  
  116  12:04  Probe x2 (Chrono Boost)  
  116  12:08  Archon  
  127  12:17  Probe  
  127  12:18  High Templar x2  
  127  12:20  Zealot x3  
  127  12:21  Probe  
  139  12:23  Archon  
  139  12:29  High Templar x2  
  141  12:33  Probe, Zealot x3  
  141  12:34  Zealot  
  150  12:39  Archon  
  150  12:41  Probe, Zealot x2  
  145  12:56  Zealot x6  
  151  13:00  High Templar x4  
  153  13:06  Archon x2  
  153  13:12  Probe  
  136  13:13  Zealot x4  
  136  13:18  Immortal (Chrono Boost)  
  114  13:32  High Templar x4  
  118  13:37  Archon  
  118  13:38  Archon  
  118  13:41  Probe x2  
  115  13:43  High Templar x2, Zealot  
  122  13:49  Archon  
  122  13:50  Sentry  
  122  13:51  Zealot x2  
  122  13:52  Zealot x2  
  122  13:54  Nexus, Immortal (Chrono Boost)  
  132  13:55  Pylon  
  136  14:13  Probe  
  136  14:14  High Templar x2  
  139  14:23  Stalker, Archon  
  141  14:24  Zealot x2  
  141  14:26  Immortal (Chrono Boost)  
  147  14:33  High Templar x2  
  147  14:38  Archon  
  149  14:39  Probe  
  149  14:41  High Templar x2, Zealot x3  
  149  14:42  Zealot x2  
  149  14:44  Assimilator  
  149  14:45  Archon  
  164  14:49  Assimilator  
  162  15:01  Immortal (Chrono Boost)  
  132  15:09  Zealot x9  
  132  15:10  Zealot x2  
  136  15:18  High Templar x2, Zealot  
  128  15:33  Archon  
  120  15:37  Zealot x6  

Tags
 
Add a new tag
Caveats
  • Supply blocks, unpowered buildings, or Contaminate may cause inaccurate times.
  • Supply counts are checked every 10 seconds.